 Dungeon Crawl Stone Soup version 0.19-a0-1008-g4c63d25 (webtiles) character file.

6380 poirepourri the Thaumaturge (level 10, -1/72 HPs)
             Began as a Mottled Draconian Ice Elementalist on July 22, 2016.
             Was an Elder of Vehumet.
             Hit by a large rock thrown by a cyclops (41 damage)
             ... on level 10 of the Dungeon.
             The game lasted 00:27:58 (13967 turns).

poirepourri the Thaumaturge (DrIE)                 Turns: 13967, Time: 00:27:59

Health: -1/72      AC: 14    Str: 10    XL:     10   Next: 65%
Magic:  4/25       EV: 12    Int: 19    God:    Vehumet [****..]
Gold:   229        SH:  0    Dex: 12    Spells: 8 memorised, 11 levels left

rFire  . . .     SeeInvis .     e - +0 short sword
rCold  . . .     Gourm    .     (armour unavailable)
rNeg   . . .     Faith    .     (no shield)
rPois  .         Spirit   .     (helmet restricted)
rElec  .         Dismiss  .     y - +0 cloak
rCorr  .         Reflect  .     c - +1 pair of gloves
SustAt .         Harm     .     s - +2 pair of boots
MR     .....                    (no amulet)
Stlth  ++........               m - +1 ring of protection
                                o - ring of wizardry

@: not resistant to hostile enchantments, unstealthy
A: breathe sticky flame splash, unfitting armour, cold-blooded, AC +7
a: Breathe Sticky Flame, Renounce Religion


You were on level 10 of the Dungeon.
You worshipped Vehumet.
Vehumet was greatly pleased with you.
You were not hungry.

You visited 2 branches of the dungeon, and saw 11 of its levels.

You collected 390 gold pieces.
You spent 161 gold pieces at shops.

Inventory:

Hand Weapons
 e - a +0 short sword (weapon)
Armour
 c - a +1 pair of gloves (worn)
 s - a +2 pair of boots (worn)
 y - a +0 cloak (worn)
Jewellery
 g - a +4 ring of slaying {unknown}
 m - a +1 ring of protection (right hand)
 n - an uncursed amulet of faith
 o - a ring of wizardry (left hand)
 v - an uncursed ring of stealth {unknown}
 x - an uncursed ring of magical power {unknown}
Wands
 D - a wand of digging (15/24)
Scrolls
 h - 4 scrolls of remove curse
 i - 3 scrolls of teleportation
 j - 5 scrolls of recharging
 q - a scroll of blinking
 t - 2 scrolls of fog
 u - a scroll of magic mapping
 w - a scroll of amnesia
Potions
 d - 2 potions of haste
 f - a potion of ambrosia
 k - 2 potions of might
 l - a potion of lignification
Books
 a - a book of Frost

   Spells                             Type                      Level
   a - Freeze                         Ice                          1
   b - Throw Frost                    Conjuration/Ice              2
   c - Ozocubu's Armour               Charms/Ice                   3
   d - Throw Icicle                   Conjuration/Ice              4
   e - Summon Ice Beast               Ice/Summoning                4
 r - a book of Flames

   Spells                             Type                      Level
   a - Flame Tongue                   Conjuration/Fire             1
   b - Throw Flame                    Conjuration/Fire             2
   c - Conjure Flame                  Conjuration/Fire             3
   d - Inner Flame                    Hexes/Fire                   3
   e - Sticky Flame                   Conjuration/Fire             4
   f - Fireball                       Conjuration/Fire             5
Comestibles
 b - 6 bread rations
 C - 4 royal jellies


   Skills:
 - Level 1.4 Fighting
 + Level 2.5 Dodging
 - Level 1.7 Stealth
 * Level 11.8 Spellcasting
 + Level 4.3 Conjurations
 + Level 0.6 Summonings
 + Level 9.0 Ice Magic


You had 11 spell levels left.
You knew the following spells:

 Your Spells              Type           Power        Failure   Level  Hunger
a - Freeze                Ice            ####         1%          1    None
b - Throw Frost           Conj/Ice       #####.       1%          2    None
c - Ozocubu's Armour      Chrm/Ice       ####....     1%          3    None
d - Throw Icicle          Conj/Ice       #####...     1%          4    ##.....
e - Summon Ice Beast      Ice/Summ       ####....     4%          4    ##.....
f - Shock                 Conj/Air       ###.         1%          1    None
g - Searing Ray           Conj           ####..       1%          2    None
h - Iskenderun's Mystic   Conj           ####....     1%          4    ##.....


Dungeon Overview and Level Annotations

Branches:
Dungeon (10/15)            Temple (1/1) D:5            Lair (0/6) D:8
    Orc: D:9-12

Altars:
Ashenzari
Cheibriados
Dithmenos
Elyvilon
Fedhas
Gozag
Hepliaklqana
Kikubaaqudgha
Makhleb
Nemelex Xobeh
Okawaru
Pakellas
Qazlal
Ru
Sif Muna
Trog
Uskayaw
Vehumet
Xom
Yredelemnul
Zin
The Shining One
Lugonu

Shops:
D:4 [   D:8 [


Innate Abilities, Weirdness & Mutations

You can spit globs of burning liquid.
You can ignite nearby creatures when you spit burning liquid.
Your weird mottled scales are hard. (AC +7)
Your body does not fit into most forms of armour.
You are cold-blooded and may be slowed by cold attacks.


Message History

Unknown command.
There is an open door here.
There is an open door here.
Items here: )) [[ †† You feel a little less mighty now.
Casting: Throw Icicle
Confirm with . or Enter, or press ? or * to list all spells.
A chill wind blows around you.
The cyclops throws a large rock.
The large rock closely misses you.
The cyclops throws a large rock.
The large rock closely misses you.
You see here 2 large rocks.
You swap places.
You swap places.
You swap places.
You swap places.
You swap places.
You swap places.
The cyclops throws a large rock.
The large rock hits you!!!
Ouch! That really hurt!
You die...

.....#.##.)......#
.....#.##........#
.....#.C'........#
###+#####........#
##C####### .#
#...##### .#
###.).C.# ###.##
#####(## ..>..#
#.Y.@.# .....#
#####.#.#.#
.....####.....#.#.#
.....#....###.#.###
.)...#.#### #.#..
.....#.# #####
.......# .....###
.#####


You could see a cyclops and a friendly ice beast.

Vanquished Creatures
  Harold (D:10)
  A queen bee (D:8)
  A troll (D:9)
  The ghost of WhatIsLove the Ducker, an amateur DrFi (D:4)
  3 hippogriffs
  Edmund (D:5)
  A water moccasin (D:9)
  2 orc warriors
  An ice beast (D:7)
  A phantom (D:5)
  A sky beast (D:7)
  5 ogres
  4 centaurs
  A crocodile (D:9)
  A big kobold (D:8)
  10 giant frogs
  A wyvern skeleton (D:10)
  A scorpion (D:9)
  A water moccasin skeleton (D:7)
  15 killer bees (D:8)
  4 wights
  2 howler monkeys (D:9)
  3 crimson imps
  2 giant frog zombies
  8 orc priests
  5 orc wizards
  2 hounds
  5 giant frog skeletons
  2 jellies
  A centaur skeleton (D:4)
  Terence (D:2)
  2 iguanas
  3 worker ants
  A hound zombie (D:8)
  3 gnolls (D:4)
  10 adders
  2 shadow imps
  3 worms
  2 dart slugs
  12 giant geckos
  33 orcs
  5 ball pythons (D:2)
  2 giant cockroaches
  11 goblins
  8 hobgoblins
  17 kobolds
  5 quokkas
  4 bats
  4 giant newts
  2 goblin zombies (D:6)
  A jackal skeleton (D:5)
  10 rats
228 creatures vanquished.

Vanquished Creatures (collateral kills)
  An orc warrior (D:7)
  A howler monkey (D:9)
  A hound (D:9)
  An adder (D:8)
  3 orcs (D:9)
7 creatures vanquished.

Vanquished Creatures (others)
  2 plants (D:3)
2 creatures vanquished.

Grand Total: 237 creatures vanquished

Notes
Turn   | Place    | Note
-------+----------+-------------------------------------------
     0 | D:1      | poirepourri the Draconian Ice Elementalist began the quest for the Orb.
     0 | D:1      | Reached XP level 1. HP: 14/14 MP: 3/3
   516 | D:1      | Reached XP level 2. HP: 19/20 MP: 0/5
   908 | D:1      | Learned a level 2 spell: Throw Frost
  1282 | D:2      | Reached XP level 3. HP: 26/26 MP: 4/7
  1313 | D:2      | Found a snail-covered altar of Cheibriados.
  1357 | D:2      | Reached skill level 3 in Spellcasting
  1471 | D:2      | Reached XP level 4. HP: 33/33 MP: 5/8
  1561 | D:2      | Found a hazy altar of Hepliaklqana.
  1616 | D:2      | Found an opulent altar of Gozag.
  1665 | D:2      | Noticed Terence
  1675 | D:2      | Killed Terence
  2284 | D:3      | You fall through a shaft for 2 floors!
  2284 | D:5      | Entered Level 5 of the Dungeon
  2295 | D:5      | Found a staircase to the Ecumenical Temple.
  2317 | D:5      | Noticed Edmund
  2328 | Temple   | Entered the Ecumenical Temple
  2441 | Temple   | Became a worshipper of Vehumet
  2466 | D:5      | Killed Edmund
  2466 | D:5      | Reached skill level 4 in Spellcasting
  2466 | D:5      | Reached XP level 5. HP: 3/38 MP: 0/11
  2765 | D:5      | Learned a level 3 spell: Ozocubu's Armour
  2770 | D:5      | Learned a level 4 spell: Throw Icicle
  2816 | D:5      | Noticed a moth of wrath
  2822 | D:5      | Found a bloodstained altar of Trog.
  3607 | D:3      | Found a faded altar of an unknown god.
  3773 | D:3      | Reached XP level 6. HP: 45/45 MP: 5/13
  4317 | D:3      | Learned a level 4 spell: Summon Ice Beast
  4360 | D:3      | Reached * piety under Vehumet
  4360 | D:3      | Offered knowledge of Shock by Vehumet.
  4525 | D:4      | Found an opulent altar of Gozag.
  4572 | D:4      | Found an ancient bone altar of Kikubaaqudgha.
  4580 | D:4      | Reached skill level 5 in Spellcasting
  4739 | D:4      | Found Plog's Armour Shop.
  4753 | D:4      | Bought a +1 pair of boots for 161 gold pieces
  5005 | D:4      | Noticed WhatIsLove's ghost (amateur DrFi)
  5304 | D:4      | Killed WhatIsLove's ghost
  5304 | D:4      | Reached skill level 6 in Spellcasting
  5304 | D:4      | Reached skill level 5 in Ice Magic
  5304 | D:4      | Your scales start taking on a weird mottled colour.
  5304 | D:4      | Reached XP level 7. HP: 44/50 MP: 1/16
  5312 | D:4      | Learned a level 1 spell: Shock
  5591 | D:4      | Found a glowing golden altar of the Shining One.
  6344 | D:5      | Found a deep blue altar of Sif Muna.
  6397 | D:5      | Reached skill level 7 in Spellcasting
  7124 | D:6      | Reached XP level 8. HP: 55/57 MP: 2/19
  7700 | D:6      | Reached skill level 8 in Spellcasting
  8108 | D:6      | Reached skill level 1 in Fighting
  9275 | D:7      | Reached skill level 9 in Spellcasting
  9503 | D:7      | Reached XP level 9. HP: 64/64 MP: 10/22
  9944 | D:7      | Offered knowledge of Searing Ray by Vehumet.
  9948 | D:7      | Learned a level 2 spell: Searing Ray
 10021 | D:7      | Reached ** piety under Vehumet
 10467 | D:8      | Found a staircase to the Lair.
 10578 | D:8      | Reached skill level 10 in Spellcasting
 11009 | D:8      | Noticed a queen bee
 11143 | D:8      | Offered knowledge of Stone Arrow by Vehumet.
 11145 | D:8      | Killed a queen bee
 11216 | D:8      | Reached XP level 10. HP: 37/72 MP: 5/24
 11392 | D:8      | Reached *** piety under Vehumet
 12005 | D:8      | Found a basalt altar of Yredelemnul.
 12029 | D:8      | Found Huliu's Antique Armour Emporium.
 12114 | D:8      | Found a shimmering altar of Xom.
 12115 | D:8      | Found a sparkling altar of Nemelex Xobeh.
 12736 | D:9      | Offered knowledge of Iskenderun's Mystic Blast by Vehumet.
 12913 | D:9      | Found a sacrificial altar of Ru.
 12926 | D:9      | Reached skill level 11 in Spellcasting
 13520 | D:10     | Entered Level 10 of the Dungeon
 13537 | D:10     | Learned a level 4 spell: Iskenderun's Mystic Blast
 13586 | D:10     | Noticed Harold
 13607 | D:10     | Killed Harold
 13920 | D:10     | Reached **** piety under Vehumet
 13937 | D:10     | Noticed a cyclops
 13967 | D:10     | Hit by a large rock thrown by a cyclops

Vault maps used:
D:1:      dpeg_arrival_water_fire, fountainhead
D:2:      lemuel_doored_altar, cheibriados_altar_1, lemuel_crystal_altar,
          minmay_snake_closets, uniq_terence
D:3:      ecumenical_altar_2, lexackson_kobold_supper
D:4:      nicolae_overflow_crystal_walls, kiku_gazebo_garden_becter,
          serial_shops, nicolae_shop_waterfront, nicolae_gozag_seed_capital
D:5:      lemuel_blue_sif_altar, tgw_trog, first_bread, st_stairs_11,
          uniq_edmund
D:6:      minmay_klotski, enter_ossuary_4, minmay_misc_feat_secret_circle
D:7:      item_on_display_a
D:8:      kennysheep_mini, gammafunk_temple_overflow_statue, lair_0_dummy,
          serial_shops, shop, enter_bailey_3, david_nohive_1, st_stairs_8,
          nicolae_two_hexagons, kennysheep_generic_room_3
D:9:      nicolae_ru_awakened_eye
D:10:     erik_orc_2, uniq_harold
Temple:   kb_corrupted_temple

Skill      XL: |  1  2  3  4  5  6  7  8  9 10 |
---------------+-------------------------------+-----
Spellcasting   | 3 4 6 7 9 10 11 | 11.8
Ice Magic      | 4 5 7 8 9 |  9.0
Fighting       | 1 |  1.4
Conjurations   | 2 3 4 |  4.3
Dodging        | 2 |  2.5
Stealth        | |  1.7
Summonings     | |  0.6

Action                   |  1- 3 |  4- 6 |  7- 9 | 10-12 || total
-------------------------+-------+-------+-------+-------++-------
Melee: Unarmed           |     4 |       |       |       ||     4
       Short sword       |     3 |    19 |    60 |    18 ||   100
       Tailslap          |     1 |     2 |     5 |     5 ||    13
 Cast: Freeze            |    39 |    91 |   122 |    54 ||   306
       Throw Frost       |     4 |    68 |    28 |    59 ||   159
       Ozocubu's Armour  |       |     1 |       |     1 ||     2
       Throw Icicle      |       |       |   107 |    37 ||   144
       Shock             |       |       |     3 |       ||     3
       Searing Ray       |       |       |     6 |     4 ||    10
       Summon Ice Beast  |       |       |     2 |     5 ||     7
       Iskenderun's Myst |       |       |       |     1 ||     1
 Abil: Breathe Sticky Fl |       |       |     6 |     1 ||     7
  Use: Scroll            |     2 |    16 |     2 |     8 ||    28
       Potion            |       |     1 |     6 |     6 ||    13
 Stab: Sleeping          |     1 |       |       |       ||     1
  Eat: Beef jerky        |     1 |     1 |     2 |       ||     4
       Bread ration      |     1 |     1 |     3 |     1 ||     6
       Meat ration       |       |     1 |     2 |       ||     3
       Pizza             |       |     1 |       |     1 ||     2
       Royal jelly       |       |       |       |     3 ||     3
Armor: Skin              |    14 |    30 |   116 |    40 ||   200
Dodge: Dodged            |    36 |    71 |   177 |    66 ||   350
